 Dungeon Crawl Stone Soup version 0.30-a0-263-ge22c4ad894 (webtiles) character file.

Game seed: 2244272871854285944

5 koil the Magician (level 1, 0/15 HPs)
             Began as a Djinni Necromancer on Oct 13, 2022.
             Frozen to death by an endoplasm (4 damage)
             ... on level 1 of the Dungeon.
             The game lasted 00:00:46 (142 turns).

koil the Magician (Djinni Necromancer)               Turns: 142, Time: 00:00:47

Health: 0/15       AC:  2    Str:  7    XL:     1   Next: 88%
Gold:   9          EV: 12    Int: 16    God:
                   SH:  0    Dex: 13

rFire   + + .      SeeInvis .    b - +0 whip
rCold   x . .      Faith    .    (no shield)
rNeg    . . .      Spirit   .    a - +0 robe
rPois   ∞          Reflect  .    (no helmet)
rElec   .          Harm     .    (no cloak)
rCorr   .          Rampage  .    (no gloves)
Will    .....                    (boots unavailable)
Stlth   ++........               (no amulet)
HPRegen 0.22/turn                (no ring)
MPRegen 0.00/turn                (no ring)

@: flying
A: sickness immunity, fire resistance 2, cold vulnerability 1, float, innate
caster, HP casting, extra vitality 1
a: no special abilities


You were on level 1 of the Dungeon.
You visited 1 branch of the dungeon, and saw 1 of its levels.

You collected 9 gold pieces.

Inventory:

Hand Weapons
 b - a +0 whip (weapon)
Armour
 a - a +0 robe (worn)
Potions
 c - a potion of haste {unknown}


   Skills:
 + Level 0.3 Fighting
 + Level 0.2 Maces & Flails
 + Level 2.3 Dodging
 + Level 1.7 Stealth
 + Level 3.3 Spellcasting


You couldn't memorise any spells.
You knew the following spells:

 Your Spells              Type           Power      Damage    Failure   Level
a - Necrotise             Necr           52%        1d6       4%          1
b - Vampiric Draining     Necr           13%        2d6       14%         3
c - Animate Dead          Necr           13%        N/A       43%         4
d - Agony                 Necr           13%        N/A       78%         5
Your spell library was empty.

Dungeon Overview and Level Annotations

Branches:
Dungeon (1/15)

Altars:


Innate Abilities, Weirdness & Mutations

You are immune to sickness and miasma.
You are immune to poison.
Your flesh is very heat resistant. (rF++)
You are vulnerable to cold. (rC-)
You float through the air rather than walking.
You learn spells naturally, not from books.
Your magical power is your life essence.
You have superior vitality. (+4 MHP)


Message History

You hit the jackal but do no damage.
The jackal is heavily wounded.
The jackal closely misses you. The jackal bites you.
You hit the jackal.
The jackal is almost dead.
The jackal completely misses you.
The jackal bites you but does no damage.
You closely miss the jackal.
The jackal is severely wounded.
The jackal bites you.
You hit the jackal.
The jackal is almost dead.
The jackal barely misses you. The jackal bites you.
You closely miss the jackal.
The jackal is almost dead.
The jackal closely misses you.
You closely miss the jackal.
The jackal is almost dead.
The jackal closely misses you. The jackal completely misses you.
You barely miss the jackal.
The jackal is almost dead.
The jackal bites you.
You completely miss the jackal.
The jackal is almost dead.
The jackal barely misses you. The jackal closely misses you.
You hit the jackal.
You kill the jackal!
You hit the endoplasm.
The endoplasm is moderately wounded.
The endoplasm closely misses you.
You barely miss the endoplasm.
The endoplasm is moderately wounded.
The endoplasm freezes you.
You are frozen.
You feel a terrible chill!
* * * LOW HITPOINT WARNING * * *
You hit the endoplasm.
The endoplasm is heavily wounded.
The endoplasm freezes you.
You are frozen.
You feel a terrible chill!
You die...

### .. ##.# #.. #.# ..
.# #@# .h. ..########J#
# .... .......##.###.#
...# #.....##.....##
... #.....##......# ...
#.###.............#
....#.................#
................#..##.#
...............##.##..#


You could see an endoplasm.

Vanquished Creatures
  An endoplasm (D:1)
  A hobgoblin (D:1)
  A jackal (D:1)
  A frilled lizard (D:1)
  A rat (D:1)
5 creatures vanquished.

Notes
Turn   | Place    | Note
-------+----------+-------------------------------------------
     0 | D:1      | koil the Djinni Necromancer began the quest for the Orb.
     0 | D:1      | koil set off with the following spells memorised:
                  | Necrotise, Vampiric Draining, Animate Dead, Agony.
     0 | D:1      | Reached XP level 1. HP: 15/15 MP: 0/0
   142 | D:1      | Frozen to death by an endoplasm

Illustrated notes

Levels and vault maps discovered:
D:1:      psy_arrival_heroes, layout_rooms

Action                   || total
-------------------------++-------
Melee: Whip              ||    30
 Stab: Sleeping          ||     1
Armor: Robe              ||     5
Dodge: Dodged            ||    30

Table legend: (Time is in decaauts)
 A = Elapsed time spent in this place.
 B = Non-inter-level travel time spent in this place.
 C = Inter-level travel time spent in this place.
 D = Time resting spent in this place.
 E = Time spent auto-exploring this place.
 F = Levels seen in this place.
 G = Mean time per level.
                   A        B        C        D        E       F      G
               +--------+--------+--------+--------+--------+-----+--------+
         Total |    144 |    144 |      0 |      0 |     72 |   1 |  144.0 |
       Dungeon |    144 |    144 |      0 |      0 |     72 |   1 |  144.0 |
               +--------+--------+--------+--------+--------+-----+--------+

Top non-repeatable levels by time:
     D:1: 144 daAuts
